 Dungeon Crawl Stone Soup version 0.30-b1-2-g02819fbbbe (webtiles) character file.

Game seed: 3383589223043261927

984 sanka the Ducker (level 7, -19/54 (56) HPs)
             Began as a Vampire Hedge Wizard on May 9, 2023.
             Demolished by a wight
             ... wielding a +0 battleaxe
              (29 damage)
             ... on level 5 of the Dungeon.
             The game lasted 00:10:26 (4501 turns).

sanka the Ducker (Vampire Hedge Wizard)             Turns: 4501, Time: 00:10:27

HP:   -19/54 (56)   AC:  8    Str:  9    XL:     7   Next: 97%
MP:   11/11         EV: 15    Int: 16    God:
Gold: 155           SH:  0    Dex: 16    Spells: 9/12 levels left

rFire   . . .        y - +4 quarterstaff (chaos)
rCold   . . .        (shield currently unavailable)
rNeg    . . .        b - +0 robe
rPois   .            c - +0 hat
rElec   .            z - +2 cloak
rCorr   .            k - +2 pair of gloves
SInv    +            (no boots)
Will    .....        (no amulet)
Stlth   ++           (no ring)
HPRegen 0.49/turn    (no ring)
MPRegen 0.12/turn

%: no passive effects
@: healing quickly, lightly drained
A: alive, fangs 3, see invisible, vampiric 2
a: Exsanguinate


You were on level 5 of the Dungeon.
You visited 1 branch of the dungeon, and saw 5 of its levels.

You collected 309 gold pieces.
You spent 154 gold pieces at shops.

Inventory:

Hand Weapons
 a - a +0 dagger
 m - a +3 hand axe
 r - a +2 dagger of speed
 y - a +4 quarterstaff of chaos (weapon)
Armour
 b - a +0 robe (worn)
 c - a +0 hat (worn)
 k - a +2 pair of gloves (worn)
 z - a +2 cloak (worn)
Magical Staves
 l - a staff of earth
Jewellery
 g - a ring of poison resistance
 t - an amulet of the acrobat
 w - a ring of wizardry
Scrolls
 e - a scroll of magic mapping {unknown}
 f - a scroll of silence {unknown}
 h - 3 scrolls of teleportation {unknown}
 i - 6 scrolls of enchant weapon {unknown}
 j - 6 scrolls of identify {unknown}
 o - a scroll of fog {unknown}
 p - a scroll of immolation {unknown}
 v - a scroll of noise {unknown}
 B - a scroll of enchant armour {unknown}
Potions
 d - a potion of magic
 n - 5 potions of heal wounds {@q2}
 q - a potion of attraction {unknown}
 s - a potion of flight {unknown}
 u - a potion of curing {unknown}
 x - a potion of brilliance {unknown}
 A - a potion of invisibility {unknown}


   Skills:
 + Level 5.4 Fighting
 + Level 7.0 Dodging
 - Level 3.0 Stealth
 - Level 3.0 Spellcasting
 - Level 0.6 Conjurations
 - Level 3.0 Summonings
 - Level 0.7 Translocations


You had 9 spell levels left.
You knew the following spells:

 Your Spells              Type           Power      Damage    Failure   Level
a - Magic Dart            Conj           16%        1d3       14%         1
b - Call Imp              Summ           24%        N/A       9%          2

Your spell library contained the following spells:

 Spells                   Type           Power      Damage    Failure   Level
 Slow                     Hex            8%         N/A       19%         1
 Sting                    Tmut/Pois      8%         1d3       19%         1
 Blink                    Tloc           8%         N/A       22%         2
 Cigotuvi's Dreadful Rot  Necr/Pois/Air  4%         N/A       28%         2
 Poisonous Vapours        Pois/Air       4%         N/A       28%         2
 Mephitic Cloud           Conj/Pois/Air  3%         N/A       45%         3
 Dispel Undead            Necr           2%         3d7       88%         4
 Olgreb's Toxic Radiance  Pois           2%         N/A       88%         4
 Death Channel            Necr           1%         N/A       100%        6


Dungeon Overview and Level Annotations

Branches:
Dungeon (5/15)
 Temple: D:4-7

Altars:
Ashenzari
Nemelex Xobeh
Qazlal

Shops:
D:2 !   D:3 (

Annotations:
D:4 exclusion: water moccasin


Innate Abilities, Weirdness & Mutations

Your natural rate of healing is accelerated.
You have razor-sharp teeth.
You have supernaturally acute eyesight. (SInv)
You are afflicted with vampirism and can become a bat while bloodless.


Message History

The wight hits you with a +0 battleaxe!
You closely miss the wight.
The wight is moderately damaged.
The wight barely misses you.
The orc priest begins to cast a cantrip, but forgets the words!
The orc priest calls down the wrath of Beogh upon you.
Beogh smites you!
You sock the orc priest!
The orc priest is severely wounded.
The wight hits you with a +0 battleaxe!!
The orc priest miscasts a cantrip.
The wight closely misses you.
You hit the orc priest but do no damage.
You drain the orc priest. You bite the orc priest.
You kill the orc priest!
The wight barely misses you.
Your life force feels restored.
You sock the wight!
The wight is severely damaged.
The wight barely misses you.
You hit the wight but do no damage. You bite the wight, but do no damage.
The wight is severely damaged.
The wight misses you. The wight barely misses you.
You hit the wight.
The wight is almost destroyed.
The wight misses you.
You closely miss the wight.
The wight is almost destroyed.
The wight hits you with a +0 battleaxe!
* * * LOW HITPOINT WARNING * * *
You feel drained.
* * * LOW HITPOINT WARNING * * *
You hit the wight but do no damage.
The wight seems to grow stronger.
The wight is almost destroyed.
The wight misses you.
You barely miss the wight.
The wight is almost destroyed.
The wight hits you with a +0 battleaxe!!
Ouch! That really hurt!
You die...

##~~~~~~~~~~ ...
##~~~~~~~~~~~~
#.###~~~~~~~~~~~~~~
#.##~~~~~~~~~~~~~~~
#.#~~~~~~~~~~~~~~~~
#.#~~~~~~~~~~~~~~~~
#.#~)~~~~~#..#~~~~~
#.รท...........~~~~~
#.'.......@)..~~~~~
#.#~~~~~~~#z.#~~~~~
#.#~~~~~~~~~~~~~~~~
#)#~~~~~~~~~~~~~~~~
#)##~~~~~~~~~~~~~~~
#######.###~~~~~~~~~~~~~~
......).# ##~~~~~~~~~~~~#
######### ##~~~~~~~~~~##
.......# ##~~~~~~~~##


You could see a wight (strong).

Vanquished Creatures
  A shadow (D:5)
  Sigmund (D:2)
  3 phantoms (D:4)
  A hound (D:4)
  Crazy Yiuf (D:4)
  3 orc priests (D:5)
  Natasha (thrice) (D:4)
  A sleepcap (D:4)
  3 adders
  A shadow imp (D:5)
  A white imp (D:5)
  An ufetubus (D:3)
  A dart slug (D:3)
  A worm (D:2)
  3 orcs (D:5)
  6 endoplasms
  4 giant cockroaches
  6 goblins
  3 hobgoblins (D:1)
  3 jackals (D:2)
  2 quokkas
  6 ball pythons
  3 frilled lizards
  4 kobolds
  3 rats
65 creatures vanquished.

Vanquished Creatures (collateral kills)
  A howler monkey (D:4)
  A sleepcap (D:4)
  An iguana (D:4)
  An orc (D:4)
  A kobold (D:2)
  A bat (D:2)
  A goblin (D:4)
7 creatures vanquished.

Vanquished Creatures (others)
  A plant (D:5)
1 creature vanquished.

Grand Total: 73 creatures vanquished

Notes
Turn   | Place    | Note
-------+----------+-------------------------------------------
     0 | D:1      | sanka the Vampire Hedge Wizard began the quest for the Orb.
     0 | D:1      | Reached XP level 1. HP: 13/13 MP: 4/4
   404 | D:1      | Reached XP level 2. HP: 19/19 MP: 3/6
   407 | D:1      | Learned a level 2 spell: Call Imp
  1705 | D:2      | Gained mutation: You are afflicted with vampirism and can
                  | become a bat while bloodless. [Vampire growth]
  1705 | D:2      | Reached XP level 3. HP: 24/24 MP: 3/7
  1839 | D:2      | Reached skill level 1 in Fighting
  1932 | D:2      | Found Wuzixzusk's Distillery.
  1941 | D:2      | Bought 2 potions of heal wounds for 140 gold pieces
  1941 | D:2      | Bought a potion of degeneration for 14 gold pieces
  2060 | D:2      | Noticed Sigmund
  2124 | D:3      | Found a stormy altar of Qazlal.
  2455 | D:3      | Found Fatyusya's Weapon Boutique.
  2472 | D:3      | Found a faded altar of an unknown god.
  2634 | D:3      | Reached XP level 4. HP: 32/32 MP: 8/8
  2651 | D:3      | Reached skill level 3 in Dodging
  2862 | D:4      | Noticed a phantom
  2873 | D:4      | Noticed a phantom
  2877 | D:4      | Killed a phantom
  2878 | D:4      | Reached XP level 5. HP: 15/38 MP: 7/9
  2946 | D:4      | Killed a phantom
  2947 | D:4      | Reached skill level 4 in Dodging
  3026 | D:4      | Noticed a phantom
  3053 | D:4      | Killed a phantom
  3054 | D:4      | Reached XP level 6. HP: 33/47 MP: 6/10
  3073 | D:4      | Reached skill level 5 in Dodging
  3146 | D:4      | Found a sparkling altar of Nemelex Xobeh.
  3221 | D:4      | Found a runed translucent door.
  3222 | D:4      | Noticed Crazy Yiuf
  3243 | D:4      | Noticed Natasha
  3253 | D:4      | Killed Natasha
  3273 | D:4      | Found a broken altar of Ashenzari.
  3282 | D:4      | Noticed a water moccasin
  3503 | D:4      | Noticed Natasha
  3521 | D:4      | Killed Natasha
  3747 | D:4      | Noticed Natasha
  3766 | D:4      | Killed Natasha
  3767 | D:4      | Reached XP level 7. HP: 29/54 MP: 3/11
  3767 | D:4      | Killed Crazy Yiuf
  4001 | D:2      | Killed Sigmund
  4002 | D:2      | Reached skill level 6 in Dodging
  4084 | D:5      | Entered Level 5 of the Dungeon
  4309 | D:5      | Noticed a shadow
  4330 | D:5      | Killed a shadow
  4331 | D:5      | Reached skill level 5 in Fighting
  4465 | D:5      | Reached skill level 7 in Dodging
  4501 | D:5      | Demolished by a wight

Illustrated notes

Levels and vault maps discovered:
D:1:      dpeg_arrival_morbid_curiosity, layout_basic
D:2:      layout_loops_ring, serial_shops, shop_statue, uniq_sigmund
D:3:      layout_basic, mainiacjoe_overflow_small_starburst, serial_shops,
          nicolae_shop_rolling_square, ebering_ecumenical_altar_hall
D:4:      layout_rooms, lemuel_round_altar, nicolae_ashenzari_panopticon,
          mainiacjoe_overflow_paths, kennysheep_generic_room_8, uniq_natasha,
          uniq_crazy_yiuf_cottage
D:5:      kennysheep_big_flooded_room, layout_basic, tso_oasis_becter

Skill      XL: |  1  2  3  4  5  6  7 |
---------------+----------------------+-----
Summonings     | 2 3 |  3.0
Fighting       | 1 2 3 4 5 |  5.4
Dodging        | 3 4 5 7 |  7.0
Stealth        | |  3.0
Spellcasting   | |  3.0
Conjurations   | |  0.6
Translocations | |  0.7

Action                     |  1- 3 |  4- 6 |  7- 9 || total
---------------------------+-------+-------+-------++-------
  Melee: Dagger            |    16 |       |       ||    16
         Punch             |     2 |     1 |       ||     3
         Hand axe          |    55 |    95 |     1 ||   151
         Bite              |     4 |     8 |     4 ||    16
         Quarterstaff      |       |       |    55 ||    55
   Cast: Magic Dart        |    44 |     2 |     2 ||    48
         Call Imp          |     5 |    15 |     1 ||    21
   Stab: Sleeping          |     6 |       |       ||     6
         Distracted        |       |     3 |       ||     3
 Armour: Robe              |    27 |    27 |    13 ||    67
  Dodge: Dodged            |    55 |    81 |    47 ||   183
